 Dungeon Crawl Stone Soup version 0.32-a0-975-g85d4e5bfdb (webtiles) character file.

Game seed: 4095801211555670653

2079 retardedninja the Fighter (level 9, -1/82 HPs)
             Began as a Mountain Dwarf Fighter on Apr 18, 2024.
             Was a Follower of Cheibriados.
             Killed from afar by an electric eel (5 damage)
             ... with a bolt of electricity
             ... on level 7 of the Dungeon.
             The game lasted 00:10:48 (9360 turns).

retardedninja the Fighter (Mountain Dwarf Fighter)  Turns: 9360, Time: 00:10:49

Health: -1/82      AC: 17    Str: 23    XL:     9   Next: 6%
Magic:  10/10      EV:  7    Int: 13    God:    Cheibriados [*.....]
Gold:   295        SH:  5    Dex: 11    Spells: 10/10 levels left

rFire   . . .        a - +1 war axe
rCold   . . .        c - +0 buckler
rNeg    . . .        y - +0 chain mail
rPois   .            (no helmet)
rElec   .            (no cloak)
rCorr   .            v - +2 pair of gloves
SInv    .            q - +2 pair of boots
Will    .....        (no amulet) Stlth
                     (no ring)
HPRegen 0.33/turn    (no ring)
MPRegen 0.12/turn

%: no passive effects
@: very slow
A: runic magic, artefact enchanting
a: Renounce Religion, Bend Time


You were on level 7 of the Dungeon.
You worshipped Cheibriados.
Cheibriados was aware of your devotion.
You visited 2 branches of the dungeon, and saw 8 of its levels.

You collected 295 gold pieces.

Inventory:

Hand Weapons
 a - a +1 war axe (weapon)
Missiles
 w - a throwing net (quivered)
Armour
 c - a +0 buckler (worn)
 q - a +2 pair of boots (worn)
 v - a +2 pair of gloves (worn)
 y - a +0 chain mail (worn)
Jewellery
 n - an amulet of magic regeneration
Talismans
 d - a granite talisman
Wands
 f - a wand of charming (18)
 o - a wand of flame (7)
Scrolls
 g - a scroll of silence {unknown}
 h - a scroll of butterflies
 p - a scroll of immolation
 s - 2 scrolls of fear {unknown}
 x - a scroll of vulnerability
Potions
 e - 3 potions of enlightenment
 i - 2 potions of cancellation
 j - a potion of magic
 l - 2 potions of brilliance
 m - 2 potions of attraction {unknown}
 r - a potion of ambrosia {unknown}
 t - a potion of berserk rage {unknown}
 u - 2 potions of heal wounds


   Skills:
 * Level 8.3 Fighting
 * Level 7.3 Axes
 + Level 6.7 Armour
 + Level 6.7 Shields
 - Level 1.0 Spellcasting


You had 10 spell levels left.
You didn't know any spells.
Your spell library contained the following spells:

 Spells                   Type           Power      Damage    Failure   Level
 Foxfire                  Conj/Fire      0%         2x1d4     45%         1
 Freeze                   Ice            0%         1d3       45%         1
 Magic Dart               Conj           0%         1d3       45%         1
 Searing Ray              Conj           0%         2d4       58%         2
 Frozen Ramparts          Ice            0%         1d1       83%         3
 Hailstorm                Conj/Ice       0%         3d5       83%         3
 Fulminant Prism          Conj/Alch      0%         3d5       99%         4
 Plasma Beam              Fire/Air       0%         2x1d10    100%        6
 Starburst                Conj/Fire      0%         6d3       100%        6


Dungeon Overview and Level Annotations

Branches:
Dungeon (7/15)             Temple (1/1) D:6

Altars:
Ashenzari
Cheibriados
Dithmenos
Elyvilon
Fedhas
Gozag
Hepliaklqana
Kikubaaqudgha
Makhleb
Okawaru
Qazlal
Ru
Sif Muna
Uskayaw
Vehumet
Wu Jian
Xom
Yredelemnul
Zin
The Shining One

Shops:
D:4 !   D:6 =

Annotations:
D:3 2 runed translucent doors, Fodor's ghost, amateur CoBr
D:6 1 runed translucent door, Crazy Yiuf


Innate Abilities, Weirdness & Mutations

Your spellcasting is much less encumbered by armour.
You can use scrolls of enchantment on lesser artefacts.


Message History

The bolt of electricity hits you!
The electric eel shoots out a bolt of lightning at you!
The bolt of electricity hits your electric eel.
Your electric eel completely resists.
The bolt of electricity hits you.
The electric eel shoots out a bolt of lightning at you!
The bolt of electricity hits your electric eel.
Your electric eel completely resists.
The bolt of electricity hits you!
The electric eel shoots out a bolt of lightning at you!
The bolt of electricity hits you.
The electric eel shoots out a bolt of lightning at you!
The bolt of electricity hits your electric eel.
Your electric eel completely resists.
The bolt of electricity hits you!
Aiming: Charm
Press: ? - help, Q - select action, (/) - cycle Shift-Dir - straight line, f - electric eel, p - electric eel
Aim: an electric eel (chance to affect: 57%)
The electric eel resists with significant effort.
The electric eel shoots out a bolt of lightning at you!
The bolt of electricity hits you!
* * * LOW HITPOINT WARNING * * *
Unknown command.
Blink to where?
Press: ? - help, Q - select action, (/) - cycle Dir - move target, p - electric eel
As you read the scroll of blinking, it crumbles to dust.
The electric eel shoots out a bolt of lightning at you!
The bolt of electricity hits your electric eel.
Your electric eel completely resists.
The bolt of electricity hits you!
* * * LOW HITPOINT WARNING * * *
The electric eel shoots out a bolt of lightning at you!
The bolt of electricity hits you!
* * * LOW HITPOINT WARNING * * *
The electric eel shoots out a bolt of lightning at you!
The bolt of electricity hits your electric eel.
Your electric eel completely resists.
The bolt of electricity hits you.
You die...
Cheibriados appreciates the motionlessness of death.

......####.....#~P~S≈≈≈≈~~≈P~~~~.
#####............~~~~~~~~~S≈~~~~.
###................$.........
#..........~~~~~~~~≈≈~~~
##.......###~~~~~~~≈≈≈≈≈≈
##...#....# ##♣SS~P~~P≈~~S
#....#....####§S♣~~~~~≈~≈~
.......#........##..♣♣♣P~≈S≈~P
#####..###....#.@..## ♣♣≈~~~~
#...#......##...##.♣ ~~~~~
#...#.#.........?..#
###.#<#.#............#
##...#...#..#.........#
.........#...............
.......#.........#.##.....
........##.......... .....
........##......########.#


You could see an electric eel (ally target) and a friendly electric eel
(charmed).

Vanquished Creatures
  Sigmund (D:2)
  Eustachio (D:6)
  A water moccasin (D:6)
  A sky beast (D:7)
  A black bear (D:6)
  An ice beast (D:6)
  4 ogres
  2 centaurs
  2 phantoms (D:5)
  Blork the orc (D:4)
  2 scorpions
  A bombardier beetle (D:3)
  An orc priest (D:3)
  2 gnoll boudas (D:6)
  4 hounds
  2 iguanas
  6 adders
  13 gnolls
  3 white imps (D:6)
  2 dart slugs
  A ribbon worm (D:4)
  6 orcs
  7 bats
  7 endoplasms
  3 giant cockroaches
  11 hobgoblins
  5 jackals (D:1)
  3 quokkas
  2 training dummies (D:5)
  4 ball pythons
  3 frilled lizards
  6 goblins
  7 kobolds
  9 rats
125 creatures vanquished.

Notes
Turn   | Place    | Note
-------+----------+-------------------------------------------
     0 | D:1      | retardedninja the Mountain Dwarf Fighter began the quest
                  | for the Orb.
     0 | D:1      | Reached XP level 1. HP: 19/19 MP: 1/1
    35 | D:1      | Reached XP level 2. HP: 23/26 MP: 2/2
   337 | D:1      | Reached XP level 3. HP: 33/33 MP: 3/3
   880 | D:2      | Noticed Sigmund
   888 | D:2      | Killed Sigmund
   889 | D:2      | Reached skill level 4 in Fighting
   889 | D:2      | Reached XP level 4. HP: 27/41 MP: 4/4
   889 | D:2      | Reached XP level 5. HP: 31/47 MP: 5/5
  1848 | D:3      | Reached XP level 6. HP: 51/52 MP: 6/6
  2213 | D:3      | Found a large runed translucent door.
  2213 | D:3      | Found a large runed translucent door.
  2214 | D:3      | Noticed Fodor's ghost (amateur CoBr)
  2670 | D:4      | Noticed Blork the orc
  2678 | D:4      | Killed Blork the orc
  2679 | D:4      | Reached skill level 5 in Fighting
  2732 | D:4      | Found Kafet's Distillery.
  2746 | D:4      | Reached skill level 5 in Armour
  2746 | D:4      | Reached skill level 5 in Shields
  2746 | D:4      | Reached skill level 1 in Spellcasting
  3068 | D:4      | Found a white marble altar of Elyvilon.
  3088 | D:4      | Reached XP level 7. HP: 52/61 MP: 8/8
  3217 | D:4      | Reached skill level 5 in Axes
  4080 | D:5      | Entered Level 5 of the Dungeon
  4118 | D:4      | Reached skill level 6 in Fighting
  5686 | D:5      | Reached XP level 8. HP: 67/71 MP: 9/9
  5774 | D:5      | Reached skill level 7 in Fighting
  5906 | D:6      | Noticed Eustachio
  5927 | D:6      | Killed Eustachio
  5950 | D:6      | Found a staircase to the Ecumenical Temple.
  5959 | Temple   | Entered the Ecumenical Temple
  6370 | Temple   | Became a worshipper of Cheibriados the Contemplative
  6906 | D:6      | Found an ancient bone altar of Kikubaaqudgha.
  6967 | D:6      | Found Mideriul's Jewellery Shop.
  7329 | D:6      | Reached skill level 8 in Fighting
  7796 | D:6      | Found a runed translucent door.
  7797 | D:6      | Noticed Crazy Yiuf
  7981 | D:7      | Reached XP level 9. HP: 63/81 MP: 10/10
  8050 | D:7      | Reached * piety under Cheibriados
  9359 | D:7      | HP: 4/82 [electric eel/bolt of electricity (8)]
  9360 | D:7      | Killed from afar by an electric eel

Illustrated notes

Levels and vault maps discovered:
D:1:      giann_wishing_wells, layout_rooms, serial_bayou_pond_c,
          nicolae_twisty_statue_hallways
D:2:      layout_loops_corners, minmay_tetromino_o4, uniq_sigmund
D:3:      layout_basic, ebering_ghost_disaster_area, serial_bayou_pond_e
D:4:      minmay_evil_eye, layout_basic, nicolae_elyvilon_peaceful_grove,
          serial_shops, shop, uniq_blork_the_orc
D:5:      dreamdust_elfheim, layout_loops_cross
D:6:      layout_basic, kennysheep_mini_moat, minmay_temple_entry_large_hall,
          serial_shops, nicolae_square_shop, uniq_crazy_yiuf_cottage,
          uniq_eustachio
D:7:      layout_rooms, chequers_serial_rivers_small_a, minivault_27,
          serial_bayou_lagoon_b
Temple:   regret_index_temple_chain_breaker

Skill      XL: |  1  2  3  4  5  6  7  8 |
---------------+-------------------------+-----
Axes           | 3 4 5 7 |  7.3
Fighting       | 4 5 6 8 |  8.3
Armour         | 4 5 6 |  6.7
Shields        | 4 5 6 |  6.7
Spellcasting   | 1 |  1.0

Action                     |  1- 3 |  4- 6 |  7- 9 || total
---------------------------+-------+-------+-------++-------
  Melee: War axe           |   100 |   132 |   243 ||   475
  Evoke: Wand              |       |       |    11 ||    11
    Use: Scroll            |       |     6 |    11 ||    17
         Potion            |       |     1 |     1 ||     2
 Armour: Scale mail        |    87 |   121 |   294 ||   502
         Chain mail        |       |       |    16 ||    16
  Dodge: Dodged            |    48 |    60 |   142 ||   250
  Block: Buckler           |    28 |    32 |    95 ||   155

Table legend: (Time is in decaauts)
 A = Elapsed time spent in this place.
 B = Non-inter-level travel time spent in this place.
 C = Inter-level travel time spent in this place.
 D = Time resting spent in this place.
 E = Time spent auto-exploring this place.
 F = Levels seen in this place.
 G = Mean time per level.
                   A        B        C        D        E       F      G
               +--------+--------+--------+--------+--------+-----+--------+
         Total |   9861 |   9607 |    254 |   3316 |   4916 |   8 | 1232.6 |
       Dungeon |   9431 |   9209 |    222 |   2920 |   4916 |   7 | 1347.3 |
        Temple |    430 |    399 |     31 |    396 |      0 |   1 |  430.0 |
               +--------+--------+--------+--------+--------+-----+--------+

Top non-repeatable levels by time:
     D:4: 2499 daAuts
     D:6: 1896 daAuts
     D:7: 1506 daAuts
     D:3: 1113 daAuts
     D:2: 952 daAuts
     D:5: 803 daAuts
     D:1: 658 daAuts
  Temple: 430 daAuts
